 Dungeon Crawl Stone Soup version 0.28.0-43-g3370ac3207 (webtiles) character file.

Game seed: 9052185995537068738

3546 foureyesage the Slicer (level 10, -2/60 HPs)
             Began as an Octopode Brigand on Mar 25, 2022.
             Was an Elder of Nemelex Xobeh.
             Slain by an orc warrior
             ... wielding a +0 hand axe
              (8 damage)
             ... on level 8 of the Dungeon.
             The game lasted 01:06:05 (10799 turns).

foureyesage the Slicer (Octopode Brigand)          Turns: 10799, Time: 01:06:06

Health: -2/60      AC:  1    Str: 12    XL:     10   Next: 9%
Magic:  10/10      EV: 13    Int: 20    God:    Nemelex Xobeh [****..]
Gold:   446        SH:  0    Dex: 16    Spells: 9/9 levels left

rFire   . . .      SeeInvis .   i - +4 rapier (elec)
rCold   . . .      Faith    +   (no shield)
rNeg    + . .      Spirit   .   (helmet restricted)
rPois   .          Reflect  .   f - amulet of faith
rElec   .          Harm     .   r - ring of positive energy
rCorr   .          Rampage  .   x - +6 ring of intelligence
Will    .....                   (no ring)
Stlth   +++++.....              (no ring)
HPRegen 0.20/turn               (no ring)
MPRegen 0.12/turn               (no ring)
                                (no ring)
                                (no ring)

@: studying Long Blades
A: almost no armour, amphibious, 8 rings, camouflage 1, gelatinous body 1,
(nimble swimmer 1), tentacles
a: Renounce Religion, Draw Escape, Draw Destruction, Draw Summoning, Triple
Draw, Deal Four


You were on level 8 of the Dungeon.
You worshipped Nemelex Xobeh.
Nemelex Xobeh was greatly pleased with you.
You visited 2 branches of the dungeon, and saw 9 of its levels.

You collected 446 gold pieces.

Inventory:

Hand Weapons
 e - a +3 dagger
 i - a +4 rapier of electrocution (weapon)
 j - a +4 great sword
 n - a +3 vorpal battleaxe
 o - a +4 whip
 p - a +4 spear
 q - a +3 battleaxe
 s - a +5 war axe
 u - a +4 quarterstaff of chaos
 v - the +5 demon whip "Spellbinder" {antimagic, Will+}
   (You found it on level 6 of the Dungeon)

   It reduces the magical energy of the wielder, and disrupts the spells and
   magical abilities of those it strikes.
   Natural abilities and divine invocations are not affected.
   It unleashes wild and unpredictable magical effects upon striking a wizard or
   a creature with magical abilities.
   Will:      It increases your willpower.
Missiles
 b - 3 poisoned darts (quivered)
Jewellery
 f - an amulet of faith (around mantle)
 r - a ring of positive energy (left tentacle)
 x - a +6 ring of intelligence (right tentacle)
Wands
 g - a wand of flame (13)
Scrolls
 h - 3 scrolls of noise
 l - 5 scrolls of teleportation
 t - a scroll of amnesia
Potions
 a - 6 potions of flight
 c - 2 potions of degeneration {unknown}
 d - 3 potions of brilliance
 k - a potion of cancellation {unknown}
 m - a potion of might
 w - a potion of mutation {unknown}
 z - a potion of haste {unknown}


   Skills:
 - Level 2.0 Fighting
 * Level 10.2 Short Blades
 - Level 6.1 Throwing
 - Level 1.0 Dodging
 * Level 8.9 Stealth
 * Level 6.8 Evocations


You had 9 spell levels left.
You didn't know any spells.
Your spell library contained the following spells:

 Spells                   Type           Power      Damage    Failure   Level
 Sandblast                Erth           0%         2d4       19%         1
 Sting                    Tmut/Pois      0%         1d3       19%         1
 Summon Small Mammal      Summ           0%         N/A       19%         1
 Passwall                 Tmut/Erth      0%         N/A       28%         2
 Poisonous Vapours        Pois/Air       0%         N/A       28%         2
 Call Canine Familiar     Summ           0%         N/A       50%         3
 Frozen Ramparts          Ice            0%         1d2       50%         3
 Gell's Gravitas          Tloc           0%         N/A       50%         3
 Stone Arrow              Conj/Erth      0%         3d7       50%         3
 Summon Guardian Golem    Hex/Summ       0%         N/A       50%         3
 Teleport Other           Tloc           0%         N/A       50%         3
 Ice Form                 Ice/Tmut       0%         N/A       88%         4
 Olgreb's Toxic Radiance  Pois           0%         N/A       88%         4
 Summon Ice Beast         Ice/Summ       0%         N/A       88%         4
 Dispersal                Tloc           0%         N/A       100%        6


Dungeon Overview and Level Annotations

Branches:
Dungeon (8/15)             Temple (1/1) D:4
   Lair: D:8-11

Altars:
Ashenzari
Cheibriados
Dithmenos
Elyvilon
Fedhas
Gozag
Hepliaklqana
Makhleb
Nemelex Xobeh
Okawaru
Qazlal
Ru
Sif Muna
Trog
Uskayaw
Vehumet
Xom
Yredelemnul
Zin
The Shining One


Innate Abilities, Weirdness & Mutations

You cannot wear most types of armour.
You are amphibious.
You can wear up to eight rings at the same time.
Your skin changes colour to match your surroundings (Stealth+).
Your rubbery body absorbs attacks. (AC +1, EV +1)
((You are camouflaged when in or above water. (Stealth+)))
You have tentacles for arms and can constrict up to eight enemies at once.


Message History

The orc priest looks as sick as possible!
Throw: 5 darts (poison)
Press: ? - help, Q - select action, (/) - cycle Shift-Dir - straight line, f/p - orc priest
Aim: an orc priest, wielding a +0 short sword (moderately wounded, extremely poisoned, 64% to hit)
You throw a poisoned dart. The poisoned dart hits the orc priest.
The orc priest looks as sick as possible!
The orc priest is moderately wounded.
Throw: 4 darts (poison)
Press: ? - help, Q - select action, (/) - cycle Shift-Dir - straight line, f/p - orc priest
Aim: an orc priest, wielding a +0 short sword (moderately wounded, extremely poisoned, 64% to hit)
You throw a poisoned dart.
The poisoned dart completely misses the orc priest.
An orc comes into view. It is wielding a +0 whip.
Found a stone staircase leading down.
The orc priest hits you with a +0 short sword.
You barely miss the orc priest. You grab the orc priest.
The orc priest is severely wounded.
You constrict the orc priest.
You kill the orc priest!
Things that are here:
a +0 short sword; an orc corpse An orc warrior comes into view.
It is wielding a +0 hand axe.
The orc hits you with a +0 whip.
The orc warrior moves out of view.
You hit the orc. You grab the orc. You squeeze the orc.
You kill the orc!
An orc comes into view. It is wielding a +0 mace.
The orc shouts!
The orc warrior hits you with a +0 hand axe!
Things that are here:
a +0 whip; a poisoned dart The orc warrior hits you with a +0 hand axe!
* * * LOW HITPOINT WARNING * * *
Things that are here:
a +0 short sword; an orc corpse The orc warrior hits you with a +0 hand axe!
* * * LOW HITPOINT WARNING * * *
You fail to use your ability.
The orc warrior hits you with a +0 hand axe!
You die...
Your body disappears without a glow.

#.#####.#
##.##...#########
#.......#
#.######
######### #.# #.#
#.# #.# #.# #.#
#@# #o# ##.##
##)..## #)....#
....>.o........#
#########.######
#.. #.# #.# #.#


You could see an orc warrior.

Vanquished Creatures
  Prince Ribbit (D:5)
  4 yaks (D:8)
  A wraith (D:8)
  A water moccasin (D:8)
  2 necrophages (D:6)
  3 sky beasts
  2 ogres
  A phantom (D:5)
  3 bullfrogs
  Blork the orc (D:5)
  2 scorpions (D:6)
  A water moccasin skeleton (D:5)
  2 water moccasin zombies
  3 killer bees (D:7)
  4 wights (D:6)
  A bullfrog zombie (D:6)
  5 jellies
  2 centaur zombies
  Crazy Yiuf (D:6)
  2 centaur skeletons
  A gnoll shaman (D:6)
  3 orc priests
  3 hounds
  3 iguanas
  2 orc wizards
  A killer bee zombie (D:7)
  A hound skeleton (D:4)
  A howler monkey zombie (D:6)
  7 gnolls
  9 adders
  2 shadow imps
  A white imp (D:5)
  An ufetubus (D:4)
  3 worms
  3 dart slugs
  12 orcs
  8 endoplasms
  4 giant cockroaches
  5 goblins
  4 hobgoblins
  6 jackals
  2 quokkas
  4 ball pythons
  7 bats
  5 frilled lizards
  2 kobolds
  6 rats
148 creatures vanquished.

Vanquished Creatures (collateral kills)
  A wight (D:6)
  An orc (D:5)
2 creatures vanquished.

Vanquished Creatures (others)
  An orc (D:5)
  32 plants
33 creatures vanquished.

Grand Total: 183 creatures vanquished

Notes
Turn   | Place    | Note
-------+----------+-------------------------------------------
     0 | D:1      | foureyesage the Octopode Brigand began the quest for the
                  | Orb.
     0 | D:1      | Reached XP level 1. HP: 14/14 MP: 1/1
   388 | D:1      | Reached XP level 2. HP: 18/19 MP: 2/2
  1180 | D:2      | Reached XP level 3. HP: 24/24 MP: 3/3
  1602 | D:2      | Reached XP level 4. HP: 14/29 MP: 2/4
  1946 | D:2      | Found a faded altar of an unknown god.
  2258 | D:2      | Prayed at the altar of an unknown god.
  2258 | D:2      | Became a worshipper of Nemelex Xobeh the Trickster
  2258 | D:2      | Reached * piety under Nemelex Xobeh
  2591 | D:3      | Reached skill level 3 in Short Blades
  2991 | D:3      | Found a broken altar of Ashenzari.
  2998 | D:3      | Reached XP level 5. HP: 32/34 MP: 5/5
  3106 | D:3      | Received a gift from Nemelex Xobeh
  3686 | D:4      | Reached ** piety under Nemelex Xobeh
  3987 | D:4      | Reached skill level 4 in Short Blades
  3987 | D:4      | Reached XP level 6. HP: 39/39 MP: 6/6
  4115 | D:4      | Found a hide-covered altar of Uskayaw.
  4123 | D:4      | Found an opulent altar of Gozag.
  4245 | D:4      | Found a staircase to the Ecumenical Temple.
  4255 | Temple   | Entered the Ecumenical Temple
  4749 | D:5      | Entered Level 5 of the Dungeon
  4798 | D:5      | Found a burning altar of Makhleb.
  5225 | D:5      | Reached skill level 1 in Evocations
  5225 | D:5      | Reached XP level 7. HP: 45/45 MP: 7/7
  5237 | D:5      | Received a gift from Nemelex Xobeh
  5269 | D:5      | Reached skill level 5 in Short Blades
  5295 | D:5      | Reached skill level 5 in Throwing
  6213 | D:5      | Found a bloodstained altar of Trog.
  6222 | D:5      | Reached XP level 8. HP: 50/50 MP: 8/8
  6497 | D:5      | Noticed Blork the orc
  6500 | D:5      | Reached skill level 6 in Short Blades
  6501 | D:5      | Killed Blork the orc
  6542 | D:5      | Found a shadowy altar of Dithmenos.
  6580 | D:5      | Noticed Prince Ribbit
  6608 | D:5      | Killed Prince Ribbit
  6749 | D:5      | Reached skill level 7 in Short Blades
  7228 | D:6      | Identified the +2 trident "Amos" {pain, Int+4}
  7250 | D:6      | Reached XP level 9. HP: 19/52 MP: 9/9
  7252 | D:6      | Reached skill level 8 in Short Blades
  7697 | D:6      | Reached *** piety under Nemelex Xobeh
  7830 | D:6      | Received a gift from Nemelex Xobeh
  8144 | D:6      | Found a runed translucent door.
  8144 | D:6      | Found the +5 demon whip "Spellbinder" {antimagic, Will+}
  8145 | D:6      | Noticed Crazy Yiuf
  8152 | D:6      | Killed Crazy Yiuf
  8153 | D:6      | Reached skill level 5 in Evocations
  8783 | D:7      | Reached skill level 9 in Short Blades
  9050 | D:7      | Found a shimmering blue altar of Sif Muna.
  9356 | D:7      | Reached **** piety under Nemelex Xobeh
  9831 | D:8      | Reached skill level 10 in Short Blades
  9831 | D:8      | Reached XP level 10. HP: 47/60 MP: 10/10
 10425 | D:8      | Found a stormy altar of Qazlal.
 10550 | D:8      | Received a gift from Nemelex Xobeh
 10799 | D:8      | Slain by an orc warrior

Illustrated notes

Levels and vault maps discovered:
D:1:      shiori_shiawase, layout_loops_corners
D:2:      minmay_general_purpose_star, layout_basic,
          chequers_ecumenical_altar_simple_redux, hangedman_decor_points
D:3:      layout_rooms, mainiacjoe_overflow_cross_hatched,
          minmay_increasing_density
D:4:      layout_rooms, amethyst_overflow_temple_binary,
          minmay_temple_entry_poolview
D:5:      layout_loops_corners, mainiacjoe_overflow_24_doors,
          nicolae_dithmenos_shadow_blocks, makhleb_heckhound_becter,
          serial_bayou_pond_b, uniq_prince_ribbit1, uniq_blork_the_orc
D:6:      layout_basic, corexii_leaking_fountain, kennysheep_dice,
          uniq_crazy_yiuf_cottage
D:7:      layout_basic, mainiacjoe_overflow_six_doors_small,
          minmay_strange_pillars
D:8:      layout_loops_corners, lemuel_coloured_pillars_altar,
          minmay_manual_monolith
Temple:   minmay_temple_forest_path

Skill      XL: |  1  2  3  4  5  6  7  8  9 |
---------------+----------------------------+-----
Stealth        | 6 7 8 |  8.9
Throwing       | 3 4 5 6 |  6.1
Short Blades   | 3 4 5 7 10 | 10.2
Evocations     | 1 4 6 |  6.8
Fighting       | |  2.0
Dodging        | |  1.0

Action                   |  1- 3 |  4- 6 |  7- 9 | 10-12 || total
-------------------------+-------+-------+-------+-------++-------
Melee: Dagger            |    44 |    17 |       |       ||    61
       Constrict         |     5 |    18 |    18 |     3 ||    44
       Punch             |     1 |     1 |     1 |       ||     3
       Tentacles         |     9 |    13 |    27 |     4 ||    53
       Rapier            |       |    54 |   111 |    13 ||   178
Throw: Dart              |    46 |    89 |    67 |    11 ||   213
Invok: Draw Destruction  |       |     2 |     9 |     2 ||    13
       Draw Escape       |       |       |     9 |     4 ||    13
       Draw Summoning    |       |       |     2 |       ||     2
Evoke: Wand              |       |     8 |    34 |     2 ||    44
  Use: Scroll            |     4 |     8 |     3 |     1 ||    16
       Potion            |     1 |     1 |     6 |     1 ||     9
 Stab: Sleeping          |     5 |     3 |     2 |       ||    10
Armor: Skin              |     9 |     1 |     6 |       ||    16
Dodge: Dodged            |    38 |    53 |    63 |     5 ||   159
